Map: Ley Lines

Players

wootwoot

  • Race: Zerg Zerg
  • League: Diamond
  • Spawn Location: 7:00

Yaozer - Winner!

  • Race: Zerg Zerg
  • League: Diamond
  • Spawn Location: 1:00

VOD

Have the link to the VOD?

Description

Time

  • Played on: April 2, 2025, 7:32 p.m.
  • Length: 2:30
Show
View Real Time Build Order
Export as new Build Order

wootwoot Zerg 

Build Orders: Hatch First 

Get SALT Encoding   

  12  0:02  Drone  
  13  0:08  Drone  
  14  0:15  Extractor  
  14  0:16  Drone  
  15  0:37  Hatchery  
  15  0:38  Extractor  
  15  0:41  Drone  
  14  0:57  Spawning Pool  
  14  1:01  Drone  
  14  1:10  Overlord  
  14  1:44  Zergling x2  
  14  1:45  Zergling x4  
  17  1:49  Zergling x2  
  17  1:53  Queen  
  20  1:57  Zergling x2  
  20  2:00  Zergling x2  
  21  2:10  Zergling x2  
Show
View Real Time Build Order
Export as new Build Order

Yaozer Zerg - Winner!

Build Orders: Pool First 

Get SALT Encoding   

  12  0:00  Drone  
  13  0:09  Drone  
  14  0:25  Spawning Pool  
  13  0:30  Drone  
  14  0:43  Overlord  
  14  1:12  Zergling x6  
  14  1:14  Spine Crawler  
  16  1:22  Queen  
  16  1:23  Zergling x2  
  19  1:50  Drone  
  19  1:52  Hatchery  
  19  2:01  Spine Crawler  
Tags
 
Matchup
ZvZ
Race
Zerg
Replay Pack
B2M-Replays
Spawn Locations
Cross Positions
Add a new tag
Caveats
  • Supply blocks, unpowered buildings, or Contaminate may cause inaccurate times.
  • Supply counts are checked every 10 seconds.